 Dungeon Crawl Stone Soup version 0.30-a0-122-g2a1322497e (webtiles) character file.

Game seed: 17507072215399314051

2 Dreamer the Sneak (level 1, -2/21 HPs)
             Began as a Naga Delver on Sept 15, 2022.
             Slain by a gnoll
             ... wielding a +0 flail
             ... led by a gnoll bouda
              (5 damage)
             ... on level 4 of the Dungeon.
             The game lasted 00:01:28 (417 turns).

Dreamer the Sneak (Naga Delver)                      Turns: 417, Time: 00:01:28

Health: -2/21      AC:  1    Str: 14    XL:     1   Next: 40%
Magic:  1/1        EV:  9    Int: 10    God:
Gold:   38         SH:  0    Dex: 12    Spells: 0/0 levels left

rFire   . . .      SeeInvis +    a - +0 short sword
rCold   . . .      Faith    .    (no shield)
rNeg    . . .      Spirit   .    b - +0 leather armour
rPois   +          Reflect  .    (no helmet)
rElec   .          Harm     .    (no cloak)
rCorr   .          Rampage  .    (no gloves)
Will    .....                    (no barding)
Stlth   +++.......               (no amulet)
HPRegen 0.07/turn                (no ring)
MPRegen 0.07/turn                (no ring)

@: short of breath, very slow
A: AC +0, large, see invisible, deformed body, poison resistance, slowness 2,
spit poison 1, naga tail 1
a: Spit Poison


You were on level 4 of the Dungeon.
You visited 1 branch of the dungeon, and saw 2 of its levels.

You collected 38 gold pieces.

Inventory:

Hand Weapons
 a - a +0 short sword (weapon)
Armour
 b - a +0 leather armour (worn)
Wands
 g - a wand of digging (3)
Scrolls
 c - a scroll of fog
 d - 3 scrolls of magic mapping
 e - a scroll of fear
 h - a scroll of poison {unknown}
Potions
 f - a potion of haste


   Skills:
 + Level 3.0 Fighting
 * Level 2.0 Short Blades
 + Level 1.6 Dodging
 * Level 7.3 Stealth


You couldn't memorise any spells.
You didn't know any spells.
Your spell library was empty.

Dungeon Overview and Level Annotations

Branches:
Dungeon (5/15)
 Temple: D:4-7

Altars:

Annotations:
D:4 exclusions: hound, orc wizard and phantom


Innate Abilities, Weirdness & Mutations

Your serpentine skin is tough. (AC +0)
You have supernaturally acute eyesight. (SInv)
Armour fits poorly on your strangely shaped body.
Your system is resistant to poisons. (rPois)
You cover ground very slowly.
You can spit poison.
You have a snake-like lower body.


Message History

Level annotation: exclusions: orc wizard and phantom
Found 9 gold pieces.
There is a stone staircase leading down here.
You see here 9 gold pieces.
The helpless quokka fails to defend itself.
You impale the quokka!!
You kill the quokka!
You now have 38 gold pieces (gained 9).
You open the door.
There is an open door here.
A hound comes into view.
Press: ? - help, . - travel You can't see that place. [the floor.] Placed new exclusion.
There is an open door here.
There is an open door here.
A gnoll bouda and 3 gnolls come into view.
A gnoll is wielding a +1 whip of electrocution.
The gnoll shouts! x2; You hear a shout! x2
There is an open door here.
The gnoll throws a throwing net.
The throwing net hits you.
You become entangled in the net!
You see here a throwing net.
You can't close doors while held in a net.
You struggle against the net.
You struggle against the net.
You struggle against the net.
You shred the net and break free! You hit the gnoll but do no damage.
The gnoll hits you with a +0 flail!
You barely miss the gnoll. The gnoll barely misses you.
A gnoll is nearby!
The splash of poison hits the gnoll.
The gnoll is poisoned.
The gnoll is moderately wounded.
The gnoll hits you with a +0 flail!
* * * LOW HITPOINT WARNING * * *
You barely miss the gnoll.
The gnoll is moderately wounded.
The gnoll hits you with a +0 flail.
You die...

## ##>..## #.# #. ###
##.....## #.## #.##.##
##.......## #(.##
###.#...####.........# #...#
...........'.........+.W.....#
###.#...####.........####...##
#.##.## ##.......## #..## #.
### ##.....## #.## #. ##.@.##
#.. ## ##g## ### #.# #.#
##.####### #g........
g.g.......##### g###.#...##
#g##..#


You could see 2 gnolls.

Vanquished Creatures
  A giant cockroach (D:4)
  A quokka (D:4)
2 creatures vanquished.

Notes
Turn   | Place    | Note
-------+----------+-------------------------------------------
     0 | D:5      | Dreamer the Naga Delver began the quest for the Orb.
     0 | D:5      | Reached XP level 1. HP: 21/21 MP: 1/1
   175 | D:4      | Noticed a phantom
   196 | D:4      | Noticed an orc wizard
   388 | D:4      | Noticed a hound
   404 | D:4      | Noticed a gnoll bouda
   417 | D:4      | Slain by a gnoll

Illustrated notes

Levels and vault maps discovered:
D:4:      layout_loops_corners, reono_crystal_passage
D:5:      layout_basic, fedhas_altar_4, lemuel_coloured_pillars_altar,
          minmay_temple_entry_stoned_glass

Action                   || total
-------------------------++-------
Melee: Short sword       ||    19
 Abil: Spit Poison       ||     1
 Stab: Sleeping          ||     1
Armor: Leather armour    ||     3
Dodge: Dodged            ||     8

Table legend: (Time is in decaauts)
 A = Elapsed time spent in this place.
 B = Non-inter-level travel time spent in this place.
 C = Inter-level travel time spent in this place.
 D = Time resting spent in this place.
 E = Time spent auto-exploring this place.
 F = Levels seen in this place.
 G = Mean time per level.
                   A        B        C        D        E       F      G
               +--------+--------+--------+--------+--------+-----+--------+
         Total |    517 |    517 |      0 |    122 |    229 |   2 |  258.5 |
       Dungeon |    517 |    517 |      0 |    122 |    229 |   2 |  258.5 |
               +--------+--------+--------+--------+--------+-----+--------+

Top non-repeatable levels by time:
     D:4: 290 daAuts
     D:5: 227 daAuts
